Map: Moondance

Players

csfalcon

  • Race: Terran Terran
  • Spawn Location: 6:00

LunaSea - Winner!

  • Race: Protoss Protoss
  • Spawn Location: 12:00

Event: DreamHack SC2 Masters 2022 Atlanta (Offline)

VOD

Have the link to the VOD?

Description

Time

  • Played on: Nov. 18, 2022, 10:56 a.m.
  • Length: 9:04

All games in this series

Show
View Real Time Build Order
Export as new Build Order

csfalcon Terran 

Build Orders: Reaper Expand 

Get SALT Encoding   

  12  0:00  SCV  
  13  0:12  SCV  
  14  0:16  Supply Depot  
  14  0:24  SCV  
  15  0:38  SCV  
  15  0:39  Barracks  
  16  0:44  Refinery  
  16  0:50  SCV  
  17  1:02  SCV  
  18  1:15  SCV  
  19  1:31  Orbital Command  
  19  1:32  Reaper  
  20  1:44  Command Center  
  20  1:50  Refinery  
  20  1:56  SCV  
  21  2:06  Factory  
  21  2:10  SCV  
  22  2:20  Supply Depot  
  22  2:22  SCV  
  23  2:31  Barracks Reactor  
  23  2:42  SCV  
  24  2:54  SCV  
  24  2:56  Widow Mine  
  27  3:06  SCV  
  27  3:08  Orbital Command, Starport  
  27  3:09  Marine  
  27  3:10  Marine  
  30  3:18  SCV  
  30  3:23  Factory Tech Lab  
  30  3:30  SCV  
  30  3:32  Marine  
  30  3:33  Marine  
  33  3:36  SCV  
  34  3:42  Siege Tank  
  34  3:43  SCV  
  38  3:48  SCV  
  38  3:51  Marine x2  
  38  3:55  SCV  
  41  3:57  Starport Reactor  
  41  4:00  SCV  
  42  4:02  Barracks  
  42  4:05  Barracks  
  42  4:07  SCV  
  43  4:12  Supply Depot, SCV  
  44  4:19  SCV  
  44  4:22  Factory Tech Lab, Marine  
  46  4:28  Supply Depot  
  46  4:34  Liberator, SCV x2, Medivac  
  53  4:39  Refinery  
  53  4:42  Supply Depot  
  53  4:46  Engineering Bay, SCV  
  53  4:50  SCV  
  55  4:53  Barracks Reactor  
  55  4:58  Marauder  
  55  4:59  SCV  
  58  5:02  SCV, Marine x2  
  58  5:04  Refinery  
  58  5:06  Siege Tank  
  64  5:11  SCV  
  65  5:14  SCV  
  65  5:15  Bunker  
  66  5:21  Marine  
  66  5:22  Marauder, Marine  
  66  5:26  Supply Depot  
  70  5:29  SCV x2, Terran Infantry Weapons Level 1  
  72  5:37  Missile Turret  
  72  5:41  SCV  
  72  5:46  SCV  
  72  5:49  Marine x4  
  69  5:51  Barracks Tech Lab  
  69  5:53  SCV, Medivac, Siege Tank  
  70  5:58  SCV  
  63  6:05  SCV  
  63  6:07  Marine x2  
  63  6:10  SCV, Stimpack, Marauder  
  68  6:25  Viking, Marine  
  67  6:27  Viking  
  67  6:30  SCV  
  72  6:37  SCV  
  71  6:41  Marine x2  
  71  6:42  SCV  
  73  6:49  SCV, Marine x2  
  76  6:54  SCV  
  76  6:56  Marauder  
  76  7:01  SCV  
  80  7:07  SCV  
  78  7:10  Marine x4  
  78  7:11  Siege Tank  
  78  7:13  SCV  
  86  7:22  Supply Depot  
  86  7:29  Supply Depot  
  86  7:30  Missile Turret  
  86  7:38  Supply Depot  
  86  7:44  Supply Depot, SCV x2, Marauder, Marine x4  
  86  7:50  Medivac, Siege Tank  
  98  8:01  Marine x2  
  98  8:04  Marine x2  
  101  8:06  Marauder  
  101  8:08  Supply Depot, Barracks  
  101  8:09  Barracks  
  102  8:24  Marine x2  
  106  8:27  Marauder  
  72  8:43  Marine x4  
  72  8:45  SCV  
Show
View Real Time Build Order
Export as new Build Order

LunaSea Protoss - Winner!

Build Orders: 1 Gate Expand, Blink Stalkers 

Get SALT Encoding   

  12  0:00  Probe  
  13  0:12  Probe  
  14  0:18  Pylon  
  14  0:24  Probe (Chrono Boost)  
  15  0:36  Gateway  
  15  0:38  Probe (Chrono Boost)  
  16  0:44  Probe (Chrono Boost)  
  16  0:46  Assimilator  
  17  0:52  Probe  
  18  1:04  Probe  
  19  1:23  Cybernetics Core  
  19  1:30  Nexus  
  19  1:31  Probe  
  20  1:38  Assimilator  
  20  1:43  Probe  
  21  1:50  Pylon  
  21  1:58  Adept (Chrono Boost)  
  23  2:02  Warp Gate  
  23  2:08  Probe  
  24  2:20  Probe (Chrono Boost)  
  26  2:31  Twilight Council, Probe (Chrono Boost)  
  26  2:34  Adept  
  26  2:36  Probe (Chrono Boost)  
  28  2:42  Probe  
  30  2:45  Gateway  
  30  2:46  Probe  
  31  2:54  Probe  
  33  2:58  Probe  
  33  3:01  Blink (Chrono Boost)  
  32  3:06  Adept  
  32  3:10  Probe  
  36  3:12  Probe  
  36  3:22  Probe  
  36  3:24  Probe  
  38  3:27  Gateway  
  38  3:34  Probe  
  38  3:35  Robotics Facility  
  38  3:37  Probe  
  40  3:45  Pylon  
  40  3:47  Probe  
  41  3:49  Probe  
  41  3:50  Stalker  
  41  3:51  Stalker  
  46  4:03  Probe  
  46  4:06  Probe  
  48  4:15  Probe, Stalker x2  
  48  4:16  Pylon  
  53  4:18  Probe  
  53  4:19  Pylon  
  54  4:30  Warp Prism (Chrono Boost)  
  54  4:34  Stalker  
  54  4:36  Assimilator  
  54  4:38  Stalker  
  60  4:40  Probe  
  60  4:41  Stalker  
  60  4:43  Probe  
  64  4:51  Pylon  
  64  4:58  Stalker  
  66  5:01  Stalker  
  66  5:04  Stalker  
  70  5:11  Pylon  
  70  5:24  Probe  
  70  5:25  Nexus  
  71  5:29  Pylon  
  71  5:30  Observer  
  72  5:38  Zealot x3  
  66  5:59  Stalker x3  
  66  6:01  Probe  
  66  6:02  Probe  
  72  6:05  Forge  
  72  6:07  Gateway  
  72  6:09  Gateway  
  66  6:15  Probe  
  67  6:18  Probe  
  67  6:21  Gateway  
  67  6:23  Gateway  
  66  6:28  Zealot x3, Probe  
  66  6:30  Probe  
  74  6:39  Gateway  
  74  6:40  Gateway  
  72  6:50  Zealot x3, Probe  
  72  6:52  Immortal (Chrono Boost)  
  72  6:53  Charge  
  79  6:54  Probe  
  79  6:58  Protoss Ground Weapons Level 1 (Chrono Boost)  
  84  7:09  Zealot, Sentry  
  84  7:13  Probe (Chrono Boost)  
  91  7:15  Templar Archives  
  91  7:18  Probe x2 (Chrono Boost)  
  91  7:24  Sentry  
  91  7:25  Zealot x4, Observer  
  91  7:26  Probe x2 (Chrono Boost)  
  91  7:27  Probe (Chrono Boost)  
  104  7:37  Zealot x2, Probe  
  105  7:41  Pylon  
  105  7:42  Pylon  
  105  7:43  Pylon  
  109  7:53  Nexus  
  108  8:01  Pylon  
  108  8:02  Zealot x2  
  108  8:03  High Templar x2, Pylon  
  114  8:09  Zealot x3  
  114  8:10  Archon  
  120  8:16  Stalker x2  
  124  8:23  Zealot x2  
  128  8:33  Zealot x3  
  124  8:38  Probe  
  124  8:39  Probe  
  116  8:49  Probe  
  116  8:53  Zealot x9  
Tags
 
Add a new tag
Caveats
  • Supply blocks, unpowered buildings, or Contaminate may cause inaccurate times.
  • Supply counts are checked every 10 seconds.